 Dungeon Crawl Stone Soup version 0.27.1-1-g398f81649c (webtiles) character file.

Game seed: 12837959287151190974

6176 Gabide the Grappler (level 10, 0/84 HPs)
             Began as a Ghoul Monk on Sept 19, 2021.
             Was a Priest of Dithmenos.
             Slain by a cyan ugly thing (13 damage)
             ... on level 8 of the Dungeon.
             The game lasted 00:30:08 (10499 turns).

Gabide the Grappler (Ghoul Monk)                   Turns: 10499, Time: 00:30:09

Health: 0/84       AC: 12    Str: 19    XL:     10   Next: 91%
Magic:  9/9        EV: 12    Int:  5    God:    Dithmenos [***...]
Gold:   157        SH:  0    Dex: 13    Spells: 9/9 levels left

rFire    . . .     SeeInvis .     - Unarmed
rCold    + . .     Faith    .   (no shield)
rNeg     + + +     Spirit   .   k - +1 ring mail
rPois    ∞         Reflect  .   q - +0 helmet
rElec    .         Harm     .   (no cloak)
rCorr    .         Rampage  .   (no gloves)
Will     +....                  (no boots)
Stlth    +++.......             A - amulet of the acrobat
HPRegen  0.00/turn              y - ring "Coum" {AC+4 Dex+2}
MPRegen  0.11/turn              v - ring of willpower

@: about to teleport, very slightly contaminated, inhibited regen, wreathed by
umbra
A: claws 1, cold resistance 1, negative energy resistance 3, inhibited
regeneration, torment resistance 2
a: Renounce Religion, Shadow Step


You were on level 8 of the Dungeon.
You worshipped Dithmenos.
Dithmenos was most pleased with you.
You visited 1 branch of the dungeon, and saw 8 of its levels.

You collected 360 gold pieces.
You spent 203 gold pieces at shops.

Inventory:

Missiles
 e - a javelin (quivered)
Armour
 i - a +0 leather armour
 k - a +1 ring mail (worn)
 q - a +0 helmet (worn)
Jewellery
 m - a ring of fire
 v - a ring of willpower (right claw)
 y - the ring "Coum" (left claw) {AC+4 Dex+2}
   (You acquired it on level 8 of the Dungeon)

   [ring of protection]

   AC:        It affects your AC (+4).
   Dex:       It affects your dexterity (+2).
 A - an amulet of the acrobat (around neck)
Wands
 j - a wand of digging (3)
 l - a wand of mindburst (2)
 u - a wand of iceblast (3)
 x - a wand of flame (34)
Scrolls
 b - a scroll of silence
 o - 2 scrolls of amnesia
 s - a scroll of identify
Potions
 a - 4 potions of curing
 c - a potion of flight
 d - 5 potions of haste
 h - a potion of resistance
 n - a potion of lignification
 p - a potion of attraction
 t - a potion of brilliance


   Skills:
 * Level 6.3 Fighting
 * Level 3.6 Throwing
 + Level 5.4 Armour
 + Level 4.8 Dodging
 + Level 4.8 Stealth
 * Level 13.1 Unarmed Combat
 + Level 0.8 Evocations


You had 9 spell levels left.
You didn't know any spells.
Your spell library contained the following spells:

 Spells                   Type           Power      Damage    Failure   Level
 Ignite Poison            Fire/Tmut/Pois 0%         N/A       95%         3
 Mephitic Cloud           Conj/Pois/Air  0%         N/A       95%         3
 Airstrike                Air            0%         N/A       100%        4
 Summon Lightning Spire   Summ/Air       0%         N/A       100%        4
 Bolt of Magma            Conj/Fire/Erth 0%         4d4       100%        5
 Lightning Bolt           Conj/Air       0%         1d11      100%        5


Dungeon Overview and Level Annotations

Branches:
Dungeon (8/15)             Temple (0/1) D:5
   Lair: D:8-11

Altars:
Ashenzari
Dithmenos

Shops:
D:1 *   D:3 !   D:6 ?


Innate Abilities, Weirdness & Mutations

You thrive by killing the living.
You are immune to poison.
You have sharp fingernails.
Your flesh is cold resistant. (rC+)
You are immune to negative energy. (rN+++)
You do not regenerate when monsters are visible.
You are immune to unholy pain and torment.


Message History

Aiming: Mindburst
Press: ? - help, Shift-Dir - straight line, f/p - cyan ugly thing
Aim: a cyan ugly thing (severely wounded, wandering, hasn't noticed you, umbra, chance to affect: 50%)
The troll's mind is blasted!
You blow up the troll!
Dithmenos accepts your kill.
You feel better.
Aiming: Mindburst
Press: ? - help, Shift-Dir - straight line, f/p - cyan ugly thing
Aim: a cyan ugly thing (severely wounded, wandering, hasn't noticed you, umbra, chance to affect: 52%)
The cyan ugly thing resists with significant effort.
You flicker for a moment.
Aiming: Mindburst
Press: ? - help, Shift-Dir - straight line, f/p - cyan ugly thing
Aim: a cyan ugly thing (severely wounded, wandering, hasn't noticed you, umbra, chance to affect: 52%)
The cyan ugly thing's mind is blasted!!
Aiming: Mindburst
Press: ? - help, Shift-Dir - straight line, f/p - cyan ugly thing
Aim: a cyan ugly thing (almost dead, wandering, hasn't noticed you, umbra, chance to affect: 52%)
The cyan ugly thing resists with significant effort.
You scratch the cyan ugly thing but do no damage.
The cyan ugly thing is almost dead.
You barely miss the cyan ugly thing.
The cyan ugly thing is almost dead.
The cyan ugly thing tail-slaps you. The cyan ugly thing shocks you!
You barely miss the cyan ugly thing.
The cyan ugly thing is almost dead.
You flicker back into view.
The five-headed hydra roars!
The cyan ugly thing completely misses you.
As you read the scroll of torment, it crumbles to dust.
You feel a surge of unholy energy.
The cyan ugly thing convulses!
The five-headed hydra convulses!
The cyan ugly thing tail-slaps you. The cyan ugly thing shocks you!
* * * LOW HITPOINT WARNING * * *
As you read the scroll of teleportation, it crumbles to dust.
You feel strangely unstable. The cyan ugly thing tail-slaps you.
* * * LOW HITPOINT WARNING * * *
The cyan ugly thing shocks you!
You die...

....##..## #.## #..#.........#
.######..#####.## #......#......
## #.........# ##..####..#### #
.##.......## #### ##.#
..##......# #.#
#####...##..####+#### #.####
##..#....####.......# ##.....
....#:.(.. #.⌠...⌠.##+####..####
....#?[....##.D.@⌠..##.888#..#
..#.##$..).)'...u...#8..†.'..#
.##.#!T....##..⌠....##.888##.##
....#(..)H###.⌠.).⌠.##'####...###
....#....##.#..)....#...#..##..#.
....#...##..####'####..########..
#...#..##......#..†.'.#†### #.#
).###.##.......##.).#####.# #..
..#####.........#####.....# #..


You could see a five-headed hydra and a cyan ugly thing.

Vanquished Creatures
  2 two-headed ogres (D:8)
  A centaur warrior (D:8)
  A manticore (D:8)
  An efreet (D:8)
  A troll (D:8)
  Grum (D:8)
  Menkaure (D:7)
  A sky beast (D:6)
  An ice beast (D:6)
  2 black bears
  2 necrophages
  2 wolves (D:8)
  3 centaurs
  An ogre (D:5)
  2 phantoms
  A gnoll sergeant (D:7)
  5 bullfrogs
  A wyvern zombie (D:7)
  3 scorpions
  6 killer bees
  8 wights
  2 howler monkeys
  2 lava snakes (D:8)
  2 hounds
  A bullfrog zombie (D:6)
  2 centaur zombies
  2 jellies (D:5)
  A centaur skeleton (D:7)
  A gnoll shaman (D:6)
  3 iguanas
  2 orc wizards
  14 gnolls
  A howler monkey skeleton (D:7)
  8 adders
  A shadow imp (D:4)
  2 white imps
  4 worms
  3 dart slugs
  8 orcs
  5 bats
  10 endoplasms
  3 giant cockroaches
  10 hobgoblins
  7 jackals
  8 kobolds
  2 ball pythons
  4 frilled lizards
  7 goblins
  9 rats
170 creatures vanquished.

Notes
Turn   | Place    | Note
-------+----------+-------------------------------------------
     0 | D:1      | Gabide the Ghoul Monk began the quest for the Orb.
     0 | D:1      | Reached XP level 1. HP: 19/19 MP: 0/0
   127 | D:1      | Reached XP level 2. HP: 26/26 MP: 1/1
   380 | D:1      | Reached skill level 4 in Unarmed Combat
   380 | D:1      | Reached XP level 3. HP: 31/31 MP: 2/2
   507 | D:1      | Found Foafot's Assorted Antiques.
  1141 | D:2      | Reached XP level 4. HP: 35/40 MP: 3/3
  1469 | D:3      | Noticed an orc warrior
  1486 | D:3      | Found a faded altar of an unknown god.
  1496 | D:3      | Became a worshipper of Dithmenos the Shadowed
  1496 | D:3      | Reached * piety under Dithmenos
  1496 | D:3      | Reached ** piety under Dithmenos
  1629 | D:3      | Reached *** piety under Dithmenos
  1820 | D:3      | Found Neij's Distillery.
  1840 | D:3      | Bought a potion of heal wounds for 65 gold pieces
  2026 | D:3      | Reached skill level 5 in Unarmed Combat
  2187 | D:4      | Reached XP level 5. HP: 46/46 MP: 4/4
  2318 | D:4      | Noticed a centaur
  2325 | D:4      | Reached skill level 1 in Throwing
  2332 | D:4      | HP: 1/46 [scorpion (9)]
  2839 | D:4      | Reached skill level 6 in Unarmed Combat
  2839 | D:4      | Reached XP level 6. HP: 40/52 MP: 5/5
  3135 | D:4      | Noticed a black bear
  3149 | D:4      | Killed a black bear
  3150 | D:4      | Reached skill level 1 in Armour
  3150 | D:4      | Reached XP level 7. HP: 19/58 MP: 6/6
  3436 | D:4      | Reached skill level 7 in Unarmed Combat
  3486 | D:5      | Entered Level 5 of the Dungeon
  4016 | D:5      | Found a broken altar of Ashenzari.
  4227 | D:5      | Reached skill level 8 in Unarmed Combat
  4321 | D:5      | Reached XP level 8. HP: 59/66 MP: 7/7
  4493 | D:5      | Found a staircase to the Ecumenical Temple.
  4926 | D:5      | Reached skill level 9 in Unarmed Combat
  5329 | D:6      | Found Veopebonn's Magic Scroll Boutique.
  5332 | D:6      | Bought a scroll of identify for 24 gold pieces
  5332 | D:6      | Bought a scroll of identify for 24 gold pieces
  5332 | D:6      | Bought a scroll of blinking for 90 gold pieces
  6070 | D:6      | Reached XP level 9. HP: 44/73 MP: 8/8
  6527 | D:7      | Reached skill level 10 in Unarmed Combat
  6539 | D:7      | HP: 2/73 [killer bee (8)]
  7124 | D:7      | Noticed Menkaure
  7134 | D:7      | Killed Menkaure
  7135 | D:7      | Reached skill level 5 in Fighting
  8168 | D:7      | Reached skill level 11 in Unarmed Combat
  8712 | D:8      | Noticed a two-headed ogre
  8732 | D:8      | Killed a two-headed ogre
  8733 | D:8      | Reached XP level 10. HP: 9/81 MP: 4/9
  9242 | D:8      | Reached skill level 12 in Unarmed Combat
  9392 | D:8      | Identified a scroll of acquirement
  9392 | D:8      | Acquired the ring "Coum" {AC+4 Dex+2}
  9658 | D:8      | Noticed Grum
  9667 | D:8      | Killed Grum
 10472 | D:8      | Noticed a two-headed ogre
 10473 | D:8      | Noticed a cyan ugly thing
 10473 | D:8      | Noticed a manticore
 10473 | D:8      | Noticed a centaur warrior
 10473 | D:8      | Noticed a five-headed hydra
 10478 | D:8      | Killed a two-headed ogre
 10479 | D:8      | Reached skill level 5 in Armour
 10483 | D:8      | Killed a manticore
 10485 | D:8      | Killed a centaur warrior
 10486 | D:8      | Reached skill level 13 in Unarmed Combat
 10499 | D:8      | Slain by a cyan ugly thing

Illustrated notes

Levels and vault maps discovered:
D:1:      minmay_arrival_glassed_features, layout_basic, serial_shops,
          shop_fountains, hangedman_feature_mirror, minmay_tromino_v7
D:2:      layout_basic
D:3:      layout_loops_ring, serial_shops, nicolae_diamond_shop,
          shapermc_ecumenical_altar_notcrosses, lightli_corner_chamber
D:4:      layout_rooms
D:5:      layout_cave_pods, general_overflow_altar, temple_doors_e
D:6:      layout_layer_cave, serial_shops, kennysheep_mini_moat,
          grunt_decor_one_mirror
D:7:      layout_loops_ring, uniq_menkaure
D:8:      minmay_chambers_of_sevens, layout_layer_cave, hangedman_decor_growths,
          kennysheep_cross_bottleneck, uniq_grum

Skill      XL: |  1  2  3  4  5  6  7  8  9 10 |
---------------+-------------------------------+-----
Unarmed Combat | 4 5 6 8 9 11 13 | 13.1
Dodging        | 3 4 |  4.8
Throwing       | 1 2 3 |  3.6
Stealth        | 3 4 |  4.8
Armour         | 1 2 3 4 5 |  5.4
Fighting       | 4 5 6 |  6.3
Evocations     | |  0.8

Action                   |  1- 3 |  4- 6 |  7- 9 | 10-12 || total
-------------------------+-------+-------+-------+-------++-------
Melee: Unarmed           |    96 |   142 |   316 |    59 ||   613
       Punch             |     1 |     5 |     8 |     4 ||    18
Throw: Javelin           |    13 |     8 |     6 |       ||    27
       Throwing net      |       |       |     1 |     1 ||     2
Invok: Shadow Step       |       |       |     4 |     1 ||     5
Evoke: Wand              |       |       |       |    15 ||    15
  Use: Scroll            |     4 |     7 |     6 |    10 ||    27
       Potion            |       |     1 |     1 |     1 ||     3
 Stab: Sleeping          |     5 |     3 |     7 |     1 ||    16
       Distracted        |       |       |     1 |       ||     1
       Held in net/web   |       |       |     1 |       ||     1
Armor: Robe              |    11 |       |       |       ||    11
       Leather armour    |     1 |    18 |    13 |       ||    32
       Ring mail         |       |       |    67 |    19 ||    86
Dodge: Dodged            |    40 |    99 |   204 |    57 ||   400
